[Event "Chessity Nationale Pupillendag 2019 - Groep H"]
[Site "Meppel, Netherlands"]
[Date "2019.06.29"]
[Round "1.1"]
[White "Katpatal, Nirbhay alias Ak"]
[Black "Drenthen, Abel"]
[Result "1-0"]
[TimeControl "15 min + 10 sec"]
[WhiteElo "673"]
[BlackElo "262"]

1. e4 e5 2. Nf3 Nc6 3. Nc3 Bc5 4. Bc4 Nf6 5. O-O d6 6. h3 Bd7 7. d3 O-O 8. Bg5 Re8 9. Nd5 Be6 10.
Nxf6+ gxf6 11. Bh6 Bxc4 12. dxc4 Qd7 13. Nh4 Rad8 14. Nf5 Bd4 15. Qg4+ Kh8 16. Qg7# 1-0

[Event "Chessity Nationale Pupillendag 2019 - Groep H"]
[Site "Meppel, Netherlands"]
[Date "2019.06.29"]
[Round "2.1"]
[White "Tetova, Amir"]
[Black "Katpatal, Nirbhay alias Ak"]
[Result "0-1"]
[TimeControl "15 min + 10 sec"]
[WhiteElo "385"]
[BlackElo "673"]

1. e4 c5 2. Nf3 Nc6 3. Nc3 d6 4. Bb5 Bd7 5. d3 Nf6 6. Bg5 h6 7. Bxf6 exf6 8.
O-O Nd4 9. Nxd4 cxd4 10. Nd5 Bxb5 11. Qh5 Bd7 12. Rae1 Be7 13. e5 fxe5 14. Qe2 O-O 15. Qe4 Bc6 16. Qg4 Bxd5 17. Re2 Qc8 18. Qg3 Qe6 19. c3 dxc3 20.
bxc3 Qg6 21. Qxg6 fxg6 22. d4 Bf6 23. dxe5 dxe5 24. Rc1 Bg5 25. Rcc2 Rad8 26. c4 Bxc4 27. h3 Bxe2 28. Rxe2 Rd1+ 29. Kh2 Rf1 30. Rxe5 Bf4+ 31. g3 Rxf2+ 32. Kg1 Bxe5 33. Kh1 Rf1+ 34. Kg2 R1f2+ 35. Kg1 Rf1+ 36. Kg2 R1f2+ 37.
Kg1 Rf1+ 38. Kg2 R8f2# 0-1

[Event "Chessity Nationale Pupillendag 2019 - Groep H"]
[Site "Meppel, Netherlands"]
[Date "2019.06.29"]
[Round "2.2"]
[White "Thijssen, Freek"]
[Black "Bronkhorst, Boaz"]
[Result "0-1"]
[TimeControl "15 min + 10 sec"]
[WhiteElo "658"]
[BlackElo "378"]

1. d4 d5 2. f4 Nc6 3. Nc3 Bf5 4. h3 Nb4 5. Rb1 Nxc2+ 6. Kf2 e6 7. g4 Qh4+ 8. Kg2 Ne1+ 9. Kh2 Qf2+ 10. Bg2 Qxg2# 0-1

[Event "Chessity Nationale Pupillendag 2019 - Groep H"]
[Site "Meppel, Netherlands"]
[Date "2019.06.29"]
[Round "3.1"]
[White "Katpatal, Nirbhay alias Ak"]
[Black "Leenen, Boyd"]
[Result "0-1"]
[TimeControl "15 min + 10 sec"]
[WhiteElo "673"]
[BlackElo "495"]

1. e4 e5 2. Nf3 d6 3. Nc3 Nf6 4. Bc4 h6 5. h3 Nc6 6. d3 Be6 7. Bd5 Bxd5 8. exd5 Ne7 9. O-O Nexd5 10. Nxd5 Nxd5 11. Re1 Nf6 12. d4 Qd7 13. dxe5 Qd8 0-1

[Event "Chessity Nationale Pupillendag 2019 - Groep H"]
[Site "Meppel, Netherlands"]
[Date "2019.06.29"]
[Round "3.2"]
[White "Thijssen, Freek"]
[Black "Groenewegen, Thom"]
[Result "1-0"]
[TimeControl "15 min + 10 sec"]
[WhiteElo "658"]
[BlackElo "408"]

1. e4 e5 2. Nf3 Nc6 3. Bc4 Nf6 4.
Ng5 Qe7 5. Nxf7 Nd4 6. Nxh8 Nxe4 7. Qh5+ g6 8. Qd1 Qh4 9. g3 Qf6 10. c3 Nxf2 11. Bf7+ Qxf7 12. Nxf7 Kxf7 13.
Kxf2 d5 14. cxd4 exd4 15. Qb3 Bf5 16. Qxd5+ Be6 17. Qxb7 1-0

[Event "Chessity Nationale Pupillendag 2019 - Groep H"]
[Site "Meppel, Netherlands"]
[Date "2019.06.29"]
[Round "4.1"]
[White "Thijssen, Freek"]
[Black "Rudolph, Simon"]
[Result "0-1"]
[TimeControl "15 min + 10 sec"]
[WhiteElo "658"]
[BlackElo "439"]

1. e4 Nf6 2. Nc3 d5 3. e5 Nfd7 4.
Nf3 e6 5. d4 g6 6. Bg5 Be7 7. Bxe7 Qxe7 8. Bb5 c6 9. Bd3 O-O 10. O-O c5 11. Re1 cxd4 12. Nxd4 Nc6 13. Nxc6 bxc6 14.
Re3 d4 15. Nd5 cxd5 16. Rh3 Nxe5 17. Qd2 Nxd3 18. cxd3 e5 19.
Qh6 Bxh3 20. Qxh3 Rac8 21. Qf3 Qc5 22. h3 e4 23. dxe4 dxe4 24. Qxe4 Rce8 25. Qd3 Re7 26. Rd1 Rd8 27.
a3 Rc7 28. b4 Qc2 29. Qf3 Rc3 30. Qg4 f5 31. Qxd4 Rxd4 32. Rxd4 Qc1+ 33. Kh2
Rxa3 34. Rd8+ Kg7 35. Rd7+ Kh6 36. f3 Ra2 37. h4 Qb2 38.
Kg3 Qxg2+ 39. Kf4 Rf2 40. h5 Qxf3+ 41. Ke5 Qxh5 42.
Kf6 Qg5+ 43. Kf7 Qh5 44. Kg8 g5 45. Rxh7+ Kg6 46. Rxh5 Kxh5 47. Kf7 Rb2 48. Kf6 Rxb4 49. Kxf5 a5 50. Ke5 a4 51. Kd5 a3 52. Kc5 Rb8 53. Kc4 a2 54. Kc3 a1=Q+ 55. Kc4 Rd8 56. Kc5 Qc1+ 57. Kb6 Rb8+ 58. Ka7 Rb2 59. Ka6 Qa1# 0-1

[Event "Chessity Nationale Pupillendag 2019 - Groep H"]
[Site "Meppel, Netherlands"]
[Date "2019.06.29"]
[Round "4.2"]
[White "Leenen, Boyd"]
[Black "Ritzerveld, Noah"]
[Result "1/2-1/2"]
[TimeControl "15 min + 10 sec"]
[WhiteElo "495"]
[BlackElo "615"]

1. e4 e5 2. Nf3 Nc6 3. Bc4 Nf6 4. Ng5 d5 5. exd5 Na5 6.
d3 Nxc4 7. dxc4 h6 8. Nf3 e4 9. Nfd2 Bc5 10. Nc3 Bg4 11. f3 exf3 12. gxf3 Bh3 13. Qe2+ Qe7 14. Qxe7+ Bxe7 15. Nde4 Nxe4 16.
Nxe4 f5 17. Ng3 Bc5 18. Bf4 Bg2 19. Rg1 Bxg1 20. Bxc7 O-O 21. d6 Rfe8+ 22. Kd2 Be3+ 23. Kd3 Bf4 24. d7 Bxf3 25.
dxe8=Q+ Rxe8 26. Bxf4 Rd8+ 27. Ke3 Bg4 28. Rh1 Re8+ 29. Kd3 Bf3 30. Rf1 Bg4 31. b3 h5 32. c5 h4 33. Kc3 hxg3 34. hxg3 Be2 35. Re1 Kf7 36. Kd2 Bg4 37.
Rxe8 Kxe8 38. c4 Ke7 39. Ke3 Kf6 40. Kd4 g5 41. Be5+ Ke6 42. a4 Bf3 43. b4 Bc6 44. b5 Bd7 45. a5 g4 46. b6 axb6 47. axb6 Bc6 48. Bd6 Kf6 49. Bc7 Ke6 50.
Bd8 f4 51. gxf4 g3 52. Ke3 Kf5 53. Ke2 Kg4 54. Kf1 Kh3 55. Kg1 Kg4 56. Bc7 Kf3 57. f5 Be8 58. Bd8 Kf4 59. f6 Kf5 60.
Kg2 Ke6 61. Kxg3 Kd7 62. Be7 Ke6 63. Kf4 Bd7 64. Kg5 Be8 65. Kh6 Kf7 66. Kg5 Bc6 67. Kf5 Bd7+ 68. Ke5 Bc6 69. Kd6 Ba4 70. Kc7 Bc6 71. Kd6 Ba4 72. Ke5 Bc6 73. Kf5 Bd7+ 74.
Kg5 Bc6 75. Kh6 Bd7 76. Kh7 Bc6 77.
Kh8 Bd7 78. Kh7 Bc6 79. Bd6 Kxf6 80. Kg8 Ke6 81. Kf8 Kd7 82. Kf7 Ba4 83. Kf6 Bc6 84. Ke5 Ba4 85. Kd4 Bc6 86. Kc3 Ba4 87. Kb4 Bc6 88. Ka5 Ke6 89. Kb4 Kd7 90. Ka5 Ke6 91.
Bf8 Kd7 92. Kb4 Ke6 93. Kc3 Kd7 94. Kd4 Ba4 95. Ke5 Bc6 96.
Bd6 Ba4 97. Bc7 Bc6 98. Kf6 Ba4 99. Kf7 Bc6 100. Kf8 Ba4 101. Bh2 Bc6 102. Be5 Ba4 103. Bc3 Bc6 104. Bb4 Ba4 105. Bd2 Bc6 106. Bh6 Ba4 107.
Bg5 Bc6 108. Bf6 Ba4 109. Be7 Bc6 110. Bd6 Ba4 111. Bc7 Bc6 112. Bb8 Ba4 113. Ba7 Bc6 114. Kf7 Ba4 115. Kf6 Bc6 116.
Ke5 Ba4 117. Kd4 Bc6 118. Kc3 Ke6 119.
Kb4 Kd7 120. Ka5 Ke6 121. Bb8 Kd7 122. Bd6 1/2-1/2

[Event "Chessity Nationale Pupillendag 2019 - Groep H"]
[Site "Meppel, Netherlands"]
[Date "2019.06.29"]
[Round "5.1"]
[White "Rudolph, Simon"]
[Black "Leenen, Boyd"]
[Result "0-1"]
[TimeControl "15 min + 10 sec"]
[WhiteElo "439"]
[BlackElo "495"]

1. c4 e5 2. Nf3 d6 3. g3 Nf6 4. Bg2 Nc6 5. O-O Be6 6. Nc3 Bxc4 7. b3 Be6 8. d3 d5 9. Bb2 d4 10. Nb1 Bd6 11. Qc1 Qd7 12. Ba3 O-O 13.
Bxd6 Qxd6 14. Nbd2 Rfd8 15. Ne4 Qe7 16. Nxf6+ Qxf6 17. Nd2 Bf5 18. Be4 Bxe4 19. dxe4 Qd6 20. Nf3 d3 21. exd3 Qxd3 22.
Rd1 Qxf3 23. Rxd8+ Rxd8 24. Qc2 Nd4 25. Qxc7 Ne2+ 26. Kf1 Rf8 27. Rd1 Qxe4 28. Qd8 Qc2 29. Rd7 Nd4 30. Ke1 Qe2# 0-1

[Event "Chessity Nationale Pupillendag 2019 - Groep H"]
[Site "Meppel, Netherlands"]
[Date "2019.06.29"]
[Round "5.2"]
[White "Ritzerveld, Noah"]
[Black "Thijssen, Freek"]
[Result "1-0"]
[TimeControl "15 min + 10 sec"]
[WhiteElo "615"]
[BlackElo "658"]

1. e4 e5 2. Nf3 Nc6 3. Nc3 Bc5 4.
Nxe5 Nxe5 5. d4 Bb6 6. dxe5 d6 7. exd6 cxd6 8. Qf3 Nf6 9. Bg5 Bd4 10. Bb5+ Bd7 11. Bxd7+ Qxd7 12. O-O-O Be5 13.
Bf4 Bxf4+ 14. Qxf4 Rd8 15. Rhe1 Ng4 16. h3 Ne5 17. Qg5 O-O 18. Nd5 f6 19. Qg3 Ng6 20. f4 Rc8 21. h4 Qc6 22. c3 f5 23. h5 Rf7 24. hxg6 hxg6 25. Qxg6 Qc4 26. Kb1 Rc5 27. Ne3 Qb5 28. exf5 Rxc3 29.
Rxd6 Rc8 30. Rc1 Re8 31. Nd5 Qd3+ 32. Ka1 Qd2 33. Nf6+ Rxf6 34. Rxd2 Rxg6 35. fxg6 Kf8 36. Rdc2 b6 37.
Rc8 Ke7 38. Rxe8+ Kxe8 39. Rc8+ Kd7 40. Ra8 a5 41. Rg8 Ke6 42. Rxg7 Kf5 43. Rf7+ Kxg6 44. Re7 Kf5 45. g3 b5 46. b3 a4 47. bxa4 bxa4 48. Rf7+ Kg4 49. f5 Kh5 50. Rg7 Kh6 51.
f6 Kh5 52. f7 Kh6 53. f8=Q Kh5 54. Qh8# 1-0

[Event "Chessity Nationale Pupillendag 2019 - Groep H"]
[Site "Meppel, Netherlands"]
[Date "2019.06.29"]
[Round "6.1"]
[White "Rudolph, Simon"]
[Black "Ritzerveld, Noah"]
[Result "0-1"]
[TimeControl "15 min + 10 sec"]
[WhiteElo "439"]
[BlackElo "615"]

1. c4 e5 2. Nc3 Nf6 3. Nf3 Nc6 4. g3 Bb4 5. Bg2 O-O 6. O-O Re8 7. a3 Ba5 8. b4 Bb6 9. c5 e4 10. cxb6 exf3 11. bxc7 Qxc7 12. exf3 d6 13. Nb5 Qb6 14.
Nc3 Qd4 15. Bb2 Re7 16. Rb1 Qd3 17.
Ne4 Nxe4 18. fxe4 Qb5 19. Qc2 Qh5 20. Qc3 f5 21. exf5 Bxf5 22. Rfe1 Rf7 23. Bd5 Bh3 24. Bxf7+ Qxf7 25.
Re4 Ne5 26. f4 Rf8 27. fxe5 Qf2+ 28. Kh1 Qg2# 0-1

[Event "Chessity Nationale Pupillendag 2019 - Groep H"]
[Site "Meppel, Netherlands"]
[Date "2019.06.29"]
[Round "6.2"]
[White "Leenen, Boyd"]
[Black "Zoet, Wiebe"]
[Result "0-1"]
[TimeControl "15 min + 10 sec"]
[WhiteElo "495"]
[BlackElo "401"]

1. e4 e5 2. Nf3 Nc6 3. Bc4 Bc5 4. d3 Nh6 5. Nc3 Ng4 6.
O-O Bxf2+ 7. Rxf2 Nxf2 8. Kxf2 Qe7 9. Nd5 Qc5+ 10. Be3 Qd6 11.
Qe2 O-O 12. a3 Na5 13. Bb3 Nxb3 14. cxb3 b6 15. b4 a5 16. bxa5 bxa5 17. Qc2 Ra6 18.
Nxc7 Rc6 19. Nb5 Rxc2+ 20. Bd2 Qb6+ 21. Ke2 Qxb5 22. Ke3 Qxb2 23. Rd1 Qxa3 24. Be1 Qc5+ 25. d4 Qb5 26. Nxe5 Qe2+ 27.
Kf4 Qxd1 28. Bxa5 Ra2 29. Bc3 Qc2 30. Bb4 Qf2+ 31. Kg4 Qxg2+ 32. Kf4 Qxh2+ 33. Kg4 Qg2+ 34. Kf4 Re2 35. Bxf8 Qxe4+ 36. Kg3 Qxd4 37. Nf3 Qe3 38. Bb4 Qxf3+ 39. Kxf3 Rb2 40.
Bc3 Rb3 41. Ke4 Rxc3 42. Kd4 Ra3 43. Kc4 Ra8 44. Kd5 Bb7+ 45.
Kd6 h5 46. Ke5 h4 47. Kf4 f6 48. Kg4 g5 49. Kh3 f5 50.
Kh2 g4 51. Kg1 f4 52. Kf2 g3+ 53. Kf1 h3 54.
Kg1 f3 55. Kf1 g2+ 56. Kg1 Ra1+ 57.
Kh2 g1=Q+ 58. Kxh3 Qh1+ 59. Kg3 Ra3 60. Kg4 f2 61. Kf5 Qh5+ 62. Ke4 Ra4+ 63. Kd3 Qh3+ 64. Ke2 Ra2+ 65. Kd1 Qh1# 0-1

[Event "Chessity Nationale Pupillendag 2019 - Groep H"]
[Site "Meppel, Netherlands"]
[Date "2019.06.29"]
[Round "7.1"]
[White "Ritzerveld, Noah"]
[Black "Agarwal, Advik"]
[Result "1-0"]
[TimeControl "15 min + 10 sec"]
[WhiteElo "615"]
[BlackElo "233"]

1. e4 e5 2. Nf3 Nc6 3. Nc3 Nf6 4. Bb5 Bb4 5. O-O O-O 6. a3 Bxc3 7. dxc3 Nxe4 8. Re1 Nd6 9. Bxc6 dxc6 10.
Rxe5 Nc4 11. Qe2 Nxe5 12. Nxe5 Qe7 13. Bf4 Qf6 14. Qe4 Bf5 15. Qf3 Bxc2 16. Nd7 Qe6 17. Nxf8 Kxf8 18. Bxc7 Qb3 19.
Bd6+ Kg8 20. Re1 Qxb2 21. Qe3 Kh8 22. Qe8+ Rxe8 23. Rxe8# 1-0

[Event "Chessity Nationale Pupillendag 2019 - Groep H"]
[Site "Meppel, Netherlands"]
[Date "2019.06.29"]
[Round "7.2"]
[White "Zoet, Wiebe"]
[Black "Ho, Alex"]
[Result "1-0"]
[TimeControl "15 min + 10 sec"]
[WhiteElo "401"]
[BlackElo "348"]

1. e4 e5 2. Nf3 Nc6 3. d4 f6 4. d5 Nce7 5. Be2 c6 6. d6 Ng6 7. O-O b5 8. Nc3 b4 9. Nb1 Rb8 10.
c3 bxc3 11. bxc3 Nh6 12. Bxh6 gxh6 13. Nbd2 Nf4 14. Bc4 Rg8 15. Bxg8 Ne6 16. Bxh7 Ng5 17. Bg6+ Nf7 1-0